Map: 2000 Atmospheres LE

Players

Reynor - Winner!

  • Race: Zerg Zerg

Clem

  • Race: Terran Terran

Event: DreamHack SC2 Masters 2021 Fall

VOD

Have the link to the VOD?

Description

Time

  • Played on: Aug. 14, 2021, 11:09 a.m.
  • Length: 11:34

All games in this series

Show
View Real Time Build Order
Export as new Build Order

Reynor Zerg - Winner!

Build Orders: Hatch First 

Get SALT Encoding   

  12  0:00  Drone  
  13  0:12  Overlord  
  13  0:16  Drone  
  14  0:31  Drone x2  
  16  0:48  Hatchery  
  15  0:51  Drone  
  15  0:55  Drone  
  17  0:58  Drone  
  18  1:08  Extractor  
  17  1:13  Spawning Pool  
  17  1:16  Drone  
  17  1:19  Drone  
  18  1:27  Drone  
  19  1:38  Drone  
  20  1:49  Overlord  
  20  2:00  Queen x2  
  20  2:01  Zergling x4  
  26  2:10  Drone  
  26  2:11  Drone  
  26  2:14  Metabolic Boost  
  28  2:22  Drone x2  
  30  2:32  Overlord  
  30  2:33  Drone  
  31  2:37  Queen  
  31  2:43  Drone x2  
  35  2:50  Queen, Extractor  
  36  2:53  Drone x2  
  38  3:04  Hatchery  
  38  3:05  Overlord  
  37  3:08  Drone  
  37  3:09  Drone  
  37  3:12  Drone  
  40  3:13  Drone  
  40  3:19  Drone x2  
  43  3:22  Queen  
  43  3:26  Overlord  
  45  3:28  Drone  
  45  3:33  Queen  
  48  3:40  Drone x2  
  50  3:46  Drone x3  
  53  3:48  Overlord  
  53  3:49  Drone  
  54  3:59  Queen  
  54  4:00  Drone x3  
  54  4:02  Extractor, Drone  
  59  4:04  Overlord  
  59  4:10  Drone  
  59  4:13  Lair  
  59  4:14  Drone  
  61  4:20  Zergling x6  
  61  4:21  Overlord  
  64  4:24  Drone  
  64  4:26  Drone x2  
  64  4:27  Queen  
  69  4:32  Baneling Nest  
  69  4:35  Drone  
  69  4:37  Drone  
  69  4:38  Drone  
  69  4:45  Drone x2  
  72  4:46  Overlord  
  72  4:47  Drone  
  72  4:48  Drone x2  
  75  4:54  Drone  
  75  4:55  Drone  
  75  4:56  Drone  
  78  5:00  Drone x2  
  78  5:02  Drone  
  78  5:06  Hatchery  
  80  5:07  Queen  
  80  5:10  Drone x2  
  80  5:11  Extractor x2  
  80  5:12  Drone  
  80  5:13  Drone x2  
  85  5:16  Drone  
  85  5:18  Evolution Chamber  
  85  5:19  Spore Crawler, Evolution Chamber, Centrifical Hooks  
  85  5:21  Zergling x2  
  84  5:23  Zergling x4  
  84  5:26  Zergling x6  
  89  5:32  Drone  
  89  5:34  Drone  
  89  5:35  Spore Crawler  
  90  5:39  Hatchery  
  90  5:40  Spore Crawler  
  88  5:46  Zerg Melee Weapons Level 1, Zerg Ground Armor Level 1  
  88  5:49  Overlord x2  
  88  5:51  Drone  
  89  6:00  Overlord  
  89  6:08  Drone x10  
  89  6:10  Zergling x4  
  89  6:11  Zergling x8  
  103  6:13  Baneling x5  
  103  6:14  Baneling, Overseer  
  103  6:15  Zergling x4  
  105  6:18  Zergling x2  
  105  6:20  Baneling x6  
  105  6:22  Zergling x4  
  105  6:24  Zergling x2  
  109  6:29  Zergling x2  
  110  6:33  Zergling x4  
  110  6:35  Zergling x8  
  110  6:39  Overlord  
  112  6:55  Zergling x2  
  112  6:56  Zergling x22  
  112  6:58  Baneling  
  112  6:59  Overseer  
  112  7:00  Overlord  
  118  7:10  Zergling x20, Hatchery  
  118  7:14  Overlord  
  118  7:15  Baneling x10  
  127  7:17  Zergling x2  
  127  7:18  Zergling x2  
  129  7:24  Zergling x8  
  129  7:27  Zergling x2  
  127  7:33  Zergling x2  
  127  7:34  Zergling x4  
  127  7:35  Baneling x9  
  127  7:36  Zergling x2  
  121  7:43  Zergling x6  
  123  7:45  Zergling x4  
  123  7:46  Zergling x6  
  127  7:53  Zergling x8  
  127  7:56  Zergling x2  
  127  7:58  Zerg Melee Weapons Level 2, Zerg Ground Armor Level 2  
  129  8:03  Zergling x4  
  129  8:04  Drone  
  132  8:07  Baneling x6  
  132  8:08  Spore Crawler  
  130  8:14  Zergling x16  
  130  8:16  Overlord  
  132  8:20  Zergling x8  
  132  8:21  Pneumatized Carapace  
  132  8:23  Zergling x4  
  133  8:27  Zergling x2  
  133  8:36  Queen, Drone  
  133  8:37  Zergling x4, Drone x5  
  133  8:38  Zergling x2  
  133  8:40  Baneling  
  141  8:41  Baneling x7  
  141  8:43  Zergling x8  
  141  8:45  Zergling x4  
  141  8:48  Zergling x2  
  141  8:49  Zergling x2  
  141  8:54  Zergling x2  
  141  8:55  Zergling x4  
  131  8:58  Zergling x2  
  131  8:59  Zergling x2, Baneling  
  131  9:00  Baneling  
  125  9:07  Zergling x4  
  125  9:08  Zergling x10  
  123  9:10  Queen  
  123  9:11  Extractor, Queen, Infestation Pit  
  123  9:12  Drone  
  123  9:16  Zergling x4  
  123  9:18  Baneling x8  
  123  9:20  Zergling x6  
  123  9:21  Hatchery  
  125  9:26  Spore Crawler  
  125  9:28  Zergling x6  
  125  9:30  Baneling x7  
  125  9:31  Zergling x4  
  129  9:34  Burrow  
  126  9:40  Zergling x8  
  126  9:41  Zergling x8  
  126  9:45  Baneling x8  
  134  9:50  Zergling x2  
  134  9:51  Zergling x6  
  135  9:54  Drone  
  136  10:00  Zergling x4  
  136  10:03  Zergling x6  
  129  10:09  Zergling x6  
  129  10:11  Zergling x4  
  129  10:14  Zergling x6  
  128  10:22  Zergling x4  
  128  10:27  Zergling x8  
  128  10:28  Zergling x4  
  136  10:29  Baneling x13  
  136  10:31  Zergling x12  
  136  10:32  Zergling x2  
  142  10:38  Zergling x8  
  142  10:39  Zergling x6  
  142  10:40  Queen  
  142  10:42  Drone x2  
  149  10:44  Zergling x2  
  149  10:48  Zergling x4  
  152  10:51  Zergling x4  
  152  10:54  Zergling x6  
  155  10:57  Baneling x9, Overlord  
  155  11:01  Baneling x10  
  154  11:04  Zergling x2  
  154  11:08  Zergling x6  
  154  11:13  Overlord  
Show
View Real Time Build Order
Export as new Build Order

Clem Terran 

Build Orders: Reaper Expand 

Get SALT Encoding   

  12  0:00  SCV  
  13  0:12  SCV  
  14  0:16  Supply Depot  
  14  0:25  SCV  
  15  0:38  SCV  
  15  0:39  Barracks  
  16  0:43  Refinery  
  16  0:50  SCV  
  17  1:02  SCV  
  18  1:14  SCV  
  19  1:26  Reaper, Orbital Command  
  20  1:39  Command Center  
  20  1:46  Supply Depot  
  20  1:52  SCV  
  21  1:58  Marine  
  22  2:04  SCV  
  23  2:10  Factory  
  23  2:16  SCV  
  23  2:20  Barracks Reactor  
  24  2:28  SCV  
  25  2:38  Command Center  
  25  2:42  SCV  
  26  2:51  Orbital Command  
  26  2:54  SCV  
  27  3:00  Barracks  
  27  3:04  Barracks Tech Lab  
  29  3:06  Hellion  
  29  3:08  SCV  
  29  3:12  Hellion  
  32  3:17  SCV  
  32  3:19  Refinery  
  33  3:21  SCV  
  33  3:23  Marine  
  33  3:26  Stimpack  
  35  3:30  SCV  
  35  3:34  SCV, Hellion  
  39  3:40  Hellion  
  41  3:42  SCV  
  41  3:44  Marine  
  41  3:46  SCV  
  44  3:50  Orbital Command  
  44  3:54  SCV, Starport  
  45  3:58  SCV  
  45  4:02  Marine  
  46  4:05  Supply Depot  
  46  4:06  SCV  
  46  4:09  Marine x2  
  48  4:12  SCV, Factory Reactor  
  48  4:17  SCV  
  52  4:20  Marine  
  52  4:22  SCV  
  54  4:24  SCV  
  54  4:27  Marine x2  
  54  4:28  Supply Depot  
  54  4:29  SCV  
  58  4:35  SCV  
  58  4:36  SCV  
  58  4:38  Marine  
  60  4:44  Barracks  
  60  4:45  Marine x2  
  62  4:46  Refinery, Orbital Command  
  62  4:50  Supply Depot  
  60  4:53  SCV  
  60  4:54  Medivac x2  
  60  4:55  Factory Reactor  
  60  4:56  Marine, SCV  
  67  5:00  Refinery  
  67  5:02  Engineering Bay  
  67  5:03  Marine x2, Engineering Bay  
  67  5:05  SCV  
  70  5:08  SCV  
  70  5:12  SCV  
  70  5:13  Supply Depot  
  70  5:14  Marine  
  72  5:18  SCV  
  72  5:21  Marine x2, SCV  
  76  5:22  Supply Depot  
  76  5:24  SCV, Combat Shield  
  78  5:30  Terran Infantry Armor Level 1, Terran Infantry Weapons Level 1  
  78  5:31  Marine  
  78  5:32  SCV  
  78  5:34  Barracks Reactor  
  80  5:36  Widow Mine  
  80  5:37  SCV  
  80  5:38  Marine  
  80  5:39  Marine, Widow Mine  
  80  5:40  SCV  
  88  5:45  SCV  
  88  5:46  Supply Depot  
  88  5:49  Marine, SCV  
  91  5:53  Barracks  
  91  5:55  Barracks  
  91  5:58  SCV  
  91  6:00  SCV, Supply Depot  
  91  6:01  SCV  
  91  6:02  Marine x2, Widow Mine x2  
  100  6:07  Medivac  
  100  6:08  Marine  
  100  6:11  SCV  
  103  6:12  Refinery, SCV  
  103  6:14  Marine, SCV  
  103  6:15  Medivac  
  108  6:20  Marine  
  108  6:22  Marine x2  
  108  6:23  SCV, Supply Depot  
  108  6:25  Factory  
  112  6:26  Marine, SCV  
  112  6:27  SCV  
  112  6:32  Widow Mine  
  117  6:34  Supply Depot  
  117  6:39  Supply Depot  
  117  6:42  Barracks Reactor x2  
  117  6:44  Marine x4, SCV  
  117  6:45  Widow Mine  
  117  6:46  Marine  
  123  6:50  SCV  
  123  6:51  SCV  
  112  6:57  SCV  
  112  6:58  Medivac x2  
  115  7:02  Marine x4  
  115  7:03  SCV  
  115  7:04  Marine  
  115  7:07  SCV  
  114  7:09  SCV  
  114  7:11  Widow Mine  
  114  7:12  Widow Mine  
  114  7:14  Factory Tech Lab  
  119  7:20  Marine x3, SCV, Armory  
  119  7:21  Marine  
  123  7:24  SCV  
  123  7:28  Medivac  
  123  7:29  Marine x2  
  127  7:30  Marine  
  127  7:31  SCV  
  127  7:33  Widow Mine  
  127  7:35  Supply Depot  
  128  7:41  Command Center  
  128  7:44  Marine  
  128  7:45  Widow Mine  
  128  7:46  Marine x2  
  128  7:47  SCV  
  128  7:48  SCV  
  130  7:52  Widow Mine  
  130  7:57  Marine x2, Supply Depot  
  130  7:58  SCV  
  125  7:59  Marine x4  
  125  8:02  Marine  
  125  8:04  Marine  
  131  8:07  Terran Infantry Armor Level 2, Terran Infantry Weapons Level 2  
  131  8:13  Marine  
  131  8:15  Marine  
  131  8:18  Marine, Widow Mine  
  129  8:20  Marine x2  
  129  8:21  Marine  
  129  8:26  Marine x2, Widow Mine x2  
  129  8:27  Marauder  
  136  8:30  Marine  
  136  8:33  Marine  
  138  8:34  Medivac  
  138  8:35  Medivac  
  138  8:36  Marine, SCV  
  138  8:37  SCV  
  138  8:38  Marine x2  
  138  8:39  Marine  
  138  8:40  SCV  
  149  8:43  Supply Depot  
  149  8:44  Marine  
  146  8:49  Widow Mine  
  146  8:50  Marine  
  146  8:51  Widow Mine  
  146  8:52  Marine x2  
  146  8:55  Orbital Command  
  137  8:57  Marine x3  
  137  9:02  SCV x2  
  117  9:04  Marine x2  
  117  9:05  Marine  
  117  9:08  Marine  
  99  9:10  Marine x2, Widow Mine  
  99  9:14  SCV  
  99  9:15  Marine x3  
  99  9:16  SCV  
  101  9:21  Factory Reactor  
  101  9:22  Marine x2, SCV  
  101  9:23  Marine  
  105  9:26  SCV  
  105  9:29  Marine x2, SCV  
  107  9:35  Factory Tech Lab  
  107  9:37  Marine x2  
  109  9:38  Marine  
  109  9:40  SCV  
  109  9:41  SCV  
  109  9:44  Armory  
  112  9:47  Marine  
  112  9:48  Widow Mine  
  112  9:49  Marine x2  
  112  9:51  Marine, Widow Mine  
  118  9:53  SCV  
  118  9:54  Marine  
  118  9:59  Marine x2  
  121  10:01  SCV, Widow Mine  
  121  10:07  Marine  
  113  10:09  Widow Mine  
  113  10:12  Marine x2, Widow Mine, Medivac  
  113  10:13  Marine  
  120  10:17  SCV x3  
  120  10:20  Marine  
  114  10:25  Widow Mine  
  116  10:29  Marine, SCV  
  116  10:30  Widow Mine  
  116  10:31  SCV  
  116  10:32  SCV  
  116  10:33  Marine x3  
  122  10:37  Marine  
  122  10:41  SCV  
  122  10:43  SCV  
  122  10:44  SCV  
  122  10:47  Widow Mine  
  126  10:52  Marine  
  129  10:58  Marine x2  
  129  11:00  SCV  
  129  11:02  SCV  
  129  11:05  Marine, Widow Mine  
  129  11:08  Marine  
  129  11:09  SCV  
  129  11:11  Marine x2  
  135  11:13  Marine  
  135  11:15  Marine  
  135  11:20  SCV  
  135  11:21  SCV  

Tags
 
Add a new tag
Caveats
  • Supply blocks, unpowered buildings, or Contaminate may cause inaccurate times.
  • Supply counts are checked every 10 seconds.